 Dungeon Crawl Stone Soup version 0.29.1-13-g9f3cf754e1 (webtiles) character file.

Game seed: 13117156215360365639

20 H0rd4k the Charlatan (level 2, -2/19 HPs)
             Began as an Octopode Artificer on Jan 26, 2023.
             Slain by a hobgoblin (4 damage)
             ... on level 1 of the Dungeon.
             The game lasted 00:00:47 (921 turns).

H0rd4k the Charlatan (Octopode Artificer)            Turns: 921, Time: 00:00:48

Health: -2/19      AC:  1    Str: 11    XL:     2   Next: 79%
Magic:  3/3        EV: 13    Int: 13    God:
Gold:   36         SH:  0    Dex: 12    Spells: 3/3 levels left

rFire   . . .      SeeInvis .   (no weapon)
rCold   . . .      Faith    .   (no shield)
rNeg    . . .      Spirit   .   (helmet restricted)
rPois   .          Reflect  .   (no amulet)
rElec   .          Harm     .   (no ring)
rCorr   .          Rampage  .   (no ring)
Will    .....                   (no ring)
Stlth   +++.......              (no ring)
HPRegen 0.06/turn               (no ring)
MPRegen 0.08/turn               (no ring)
                                (no ring)
                                (no ring)

@: no status effects
A: almost no armour, amphibious, 8 rings, camouflage 1, gelatinous body 1,
(nimble swimmer 1), tentacles
a: no special abilities


You were on level 1 of the Dungeon.
You visited 1 branch of the dungeon, and saw 1 of its levels.

You collected 36 gold pieces.

Inventory:

Armour
 g - an orb of guile
Wands
 b - a wand of flame (15) (quivered)
 c - a wand of charming (12)
 d - a wand of iceblast (5)
Potions
 a - a potion of invisibility {unknown}
 e - a potion of curing {unknown}
 f - a potion of flight {unknown}


   Skills:
 * Level 1.9 Fighting
 - Level 2.3 Dodging
 - Level 1.3 Stealth
 + Level 0.4 Unarmed Combat
 * Level 1.2 Spellcasting
 - Level 3.2 Evocations


You had 3 spell levels left.
You didn't know any spells.
Your spell library contained the following spells:

 Spells                   Type           Power      Damage    Failure   Level
 Shock                    Conj/Air       0%         1d3       28%         1
 Swiftness                Air            0%         N/A       63%         3
 Airstrike                Air            0%         2d(0-16)  95%         4


Dungeon Overview and Level Annotations

Branches:
Dungeon (1/15)

Altars:


Innate Abilities, Weirdness & Mutations

You cannot wear most types of armour.
You are amphibious.
You can wear up to eight rings at the same time.
Your skin changes colour to match your surroundings (Stealth+).
Your rubbery body absorbs attacks. (AC +1, EV +1)
((You are camouflaged when in or above water. (Stealth+)))
You have tentacles for arms and can constrict up to eight enemies at once.


Message History

The hobgoblin shouts!
The jackal barks!
The hobgoblin shouts!
The bat hits you but does no damage. The bat misses you.
You closely miss the bat. You grab the bat. You constrict the bat.
The bat hits you.
The bat escapes!
The bat misses you.
You barely miss the bat. You grab the bat. You squeeze the bat.
The bat is moderately wounded.
You constrict the bat. The bat barely misses you.
The bat hits you but does no damage. The bat closely misses you.
The goblin closely misses you.
You closely miss the bat.
The bat is severely wounded.
You constrict the bat.
You kill the bat!
The bat hits you but does no damage. The goblin hits you with a +0 dagger.
You barely miss the hobgoblin. Your grab misses the hobgoblin.
The bat hits you but does no damage. The hobgoblin barely misses you.
The goblin completely misses you. The hobgoblin closely misses you.
The bat hits you.
You closely miss the bat. You grab the bat.
The bat is moderately wounded.
You constrict the bat. The bat barely misses you. The hobgoblin misses you.
The goblin hits you with a +0 dagger. The hobgoblin closely misses you.
The bat struggles to escape constriction.
You are too injured to fight recklessly!
You are too injured to fight recklessly!
You are too injured to fight recklessly!
You are too injured to fight recklessly!
There are monsters nearby!
There are monsters nearby!
You release your grip on the bat.
The hobgoblin attacks as you move away! The hobgoblin hits you.
* * * LOW HITPOINT WARNING * * *
The bat hits you but does no damage. The goblin attacks as you move away!
The goblin hits you with a +0 dagger.
* * * LOW HITPOINT WARNING * * *
The bat barely misses you. The bat barely misses you.
The hobgoblin hits you but does no damage.
The hobgoblin attacks as you move away! The hobgoblin hits you.
You die...

.########## ..........#
..........# $.........#
..........###
............#
#.......hg#.#
####..##gg#.###### .. #.#
#...@....... ..
#.###.[b######### ..
...#...........# .. ##
##....#######.# ..#.. #.#
#.........# #.#
..#..##..####....##.###.#
.. .........#....#......#
.. #............#..#####
###.#.....................


You could see a jackal, 2 hobgoblins, a goblin and a bat.

Vanquished Creatures
  A dart slug (D:1)
  3 bats (D:1)
  2 endoplasms (D:1)
  2 jackals (D:1)
  2 kobolds (D:1)
  A quokka (D:1)
  A ball python (D:1)
  A frilled lizard (D:1)
  2 rats (D:1)
15 creatures vanquished.

Vanquished Creatures (collateral kills)
  2 jackals (D:1)
2 creatures vanquished.

Vanquished Creatures (others)
  A jackal (D:1)
1 creature vanquished.

Grand Total: 18 creatures vanquished

Notes
Turn   | Place    | Note
-------+----------+-------------------------------------------
     0 | D:1      | H0rd4k the Octopode Artificer began the quest for the Orb.
     0 | D:1      | Reached XP level 1. HP: 13/13 MP: 1/1
   154 | D:1      | Reached XP level 2. HP: 12/18 MP: 2/2
   176 | D:1      | Reached skill level 1 in Spellcasting
   921 | D:1      | Slain by a hobgoblin

Illustrated notes

Levels and vault maps discovered:
D:1:      grunt_arrival_crossed_arrows, layout_basic, basic_ecumenical_altar,
          minmay_octomino_j4

Skill      XL: |  1  2 |
---------------+-------+-----
Spellcasting   | 1 |  1.2
Fighting       | |  1.9
Dodging        | |  2.3
Stealth        | |  1.3
Unarmed Combat | |  0.4
Evocations     | |  3.2

Action                   || total
-------------------------++-------
Melee: Unarmed           ||    42
       Constrict         ||    13
       Tentacles         ||     9
       Punch             ||     3
Evoke: Wand              ||     3
 Stab: Sleeping          ||     3
Armor: Skin              ||     9
Dodge: Dodged            ||    35
